 Dungeon Crawl Stone Soup version 0.31.0-12-g77e489cdc1 (webtiles) character file.

Game seed: 6535203428999148887

910 hawla the Protected (level 7, -1/57 HPs)
             Began as a Minotaur Fighter on Feb 18, 2024.
             Was an Initiate of Yredelemnul.
             Slain by a sleepcap (7 damage)
             ... on level 6 of the Dungeon.
             The game lasted 00:08:11 (3788 turns).

hawla the Protected (Minotaur Fighter)              Turns: 3788, Time: 00:08:11

Health: -1/57      AC:  9    Str: 21    XL:     7   Next: 81%
Magic:  6/6        EV: 12    Int:  5    God:    Yredelemnul [......]
Gold:   296        SH:  5    Dex: 11    Spells: 6/6 levels left

rFire   . . .        a - +0 long sword (flame)
rCold   . . .        c - +0 buckler
rNeg    . . .        b - +0 scale mail
rPois   .            (helmet restricted)
rElec   .            (no cloak)
rCorr   .            j - +0 pair of gloves
SInv    .            (no boots)
Will    .....        (no amulet) Stlth
                     (no ring)
HPRegen 0.29/turn    (no ring)
MPRegen 0.10/turn

%: no passive effects
@: no status effects
A: horns 2, retaliatory headbutt
a: Renounce Religion, Recall Undead Harvest


You were on level 6 of the Dungeon.
You worshipped Yredelemnul.
Yredelemnul was noncommittal.
You visited 2 branches of the dungeon, and saw 7 of its levels.

You collected 296 gold pieces.

Inventory:

Hand Weapons
 a - a +0 long sword of flaming (weapon)
Missiles
 o - 5 poisoned darts (quivered)
Armour
 b - a +0 scale mail (worn)
 c - a +0 buckler (worn)
 j - a +0 pair of gloves (worn)
Jewellery
 h - an amulet of regeneration
Wands
 d - a wand of flame (29)
 e - a wand of roots (4)
Scrolls
 m - a scroll of revelation
 p - 2 scrolls of vulnerability
 q - a scroll of teleportation
Potions
 g - 3 potions of degeneration {unknown}
 i - a potion of magic {unknown}
 k - a potion of curing
 l - 3 potions of enlightenment {unknown}
 n - a potion of attraction {unknown}
 r - a potion of lignification {unknown}


   Skills:
 - Level 3.6 Fighting
 - Level 2.4 Long Blades
 + Level 8.1 Armour
 + Level 6.4 Dodging
 - Level 5.0 Shields


You had 6 spell levels left.
You didn't know any spells.
Your spell library was empty.

Dungeon Overview and Level Annotations

Branches:
Dungeon (6/15)             Temple (1/1) D:4

Altars:
Ashenzari
Cheibriados
Dithmenos
Elyvilon
Fedhas
Hepliaklqana
Kikubaaqudgha
Makhleb
Okawaru
Qazlal
Sif Muna
Trog
Uskayaw
Vehumet
Wu Jian
Yredelemnul
Zin
The Shining One

Annotations:
D:6 1 runed translucent door, Consumeair16's ghost, novice GnBe


Innate Abilities, Weirdness & Mutations

You have a pair of horns on your head.
You reflexively headbutt those who attack you in melee.


Message History

You barely miss the black bear. You headbutt the black bear.
The black bear is severely wounded.
The black bear goes berserk!
You hit the black bear. You burn the black bear.
The black bear is almost dead.
The black bear bites you but does no damage.
The black bear completely misses you.
The black bear claws you but does no damage.
The sleepcap closely misses you. You furiously retaliate!
You headbutt the sleepcap! You block the black bear's attack.
The black bear barely misses you.
The black bear claws you but does no damage.
The sleepcap releases spores at you.
You hit the black bear. You burn the black bear.
The black bear is almost dead.
The black bear bites you! The black bear closely misses you.
The black bear barely misses you.
The black bear bites you but does no damage.
The black bear claws you. The black bear closely misses you.
The sleepcap releases spores at you.
You hit the black bear. You burn the black bear.
The black bear is almost dead.
You block the black bear's attack. The black bear barely misses you.
You block the black bear's attack. The sleepcap releases spores at you!
* * * LOW HITPOINT WARNING * * *
The black bear bites you.
* * * LOW HITPOINT WARNING * * *
The black bear barely misses you. The black bear claws you.
* * * LOW HITPOINT WARNING * * *
You feel better. The black bear barely misses you. The black bear claws you.
* * * LOW HITPOINT WARNING * * *
The black bear claws you.
* * * LOW HITPOINT WARNING * * *
The sleepcap completely misses you. You furiously retaliate!
You headbutt the sleepcap. You hit the black bear. You burn the black bear.
You kill the black bear!
The dead are walking!
The sleepcap releases spores at you!
You die...
Your body rises from the dead as a mindless zombie.

....## ###...##⌠
#....##.. #...##..?
....+W..♣ #)..##..!
#.f..##..
######@Z...##⌠
#...........##
#...##........
########...####..:...
>..........# .####.
######....# .#
#...#....# #
#.###.#.#..#####
#................


You could see a sleepcap (ally target), Consumeair16's ghost and a friendly
black bear zombie.

Vanquished Creatures
  Sigmund (D:3)
  A water moccasin (D:5)
  An ice beast (D:5)
  A black bear (D:6)
  An ogre (D:5)
  A phantom (D:4)
  2 hounds (D:5)
  Ijyb (D:3)
  Jessica (D:3)
  2 iguanas
  3 adders
  A white imp (D:5)
  A ribbon worm (D:2)
  2 dart slugs
  2 orcs (D:4)
  3 bats
  6 endoplasms
  2 giant cockroaches (D:1)
  5 goblins
  2 hobgoblins
  4 jackals (D:5)
  6 quokkas
  7 ball pythons
  4 frilled lizards
  7 kobolds
  4 rats (D:1)
71 creatures vanquished.

Vanquished Creatures (collateral kills)
  Menkaure (D:5)
  A hound (D:5)
2 creatures vanquished.

Vanquished Creatures (others)
  An adder zombie (D:5)
  A jackal zombie (D:5)
2 creatures vanquished.

Grand Total: 75 creatures vanquished

Notes
Turn   | Place    | Note
-------+----------+-------------------------------------------
     0 | D:1      | hawla the Minotaur Fighter began the quest for the Orb.
     0 | D:1      | Reached XP level 1. HP: 19/19 MP: 0/0
   186 | D:1      | Reached XP level 2. HP: 26/26 MP: 1/1
   835 | D:2      | Reached skill level 5 in Shields
   880 | D:2      | Reached XP level 3. HP: 31/31 MP: 2/2
   952 | D:2      | Reached skill level 1 in Dodging
  1285 | D:2      | Reached skill level 4 in Armour
  1477 | D:3      | Noticed Ijyb
  1492 | D:3      | Reached XP level 4. HP: 15/39 MP: 3/3
  1493 | D:3      | Killed Ijyb
  1649 | D:3      | Noticed Jessica
  1654 | D:3      | Killed Jessica
  1731 | D:3      | Reached XP level 5. HP: 45/45 MP: 4/4
  1733 | D:3      | Identified the +8 short sword of Uzipac Quowi {flame, rC+
                  | rN++ Will- Dex-5}
  1800 | D:3      | Reached skill level 5 in Armour
  1916 | D:3      | Found a radiant altar of Vehumet.
  1922 | D:3      | Found an ancient bone altar of Kikubaaqudgha.
  1923 | D:3      | Found a shimmering blue altar of Sif Muna.
  2044 | D:3      | Noticed Sigmund
  2049 | D:3      | Killed Sigmund
  2050 | D:3      | Reached XP level 6. HP: 46/51 MP: 5/5
  2305 | D:4      | Reached skill level 6 in Armour
  2349 | D:4      | Found a staircase to the Ecumenical Temple.
  2372 | Temple   | Entered the Ecumenical Temple
  2400 | Temple   | Became a worshipper of Yredelemnul the Dark
  2673 | D:4      | Reached * piety under Yredelemnul
  2694 | D:4      | Found an iron altar of Okawaru.
  2808 | D:5      | Entered Level 5 of the Dungeon
  2852 | D:5      | Noticed an ice beast
  2862 | D:5      | Killed an ice beast
  2867 | D:5      | Reached skill level 5 in Dodging
  2867 | D:5      | Reached XP level 7. HP: 51/57 MP: 6/6
  2907 | D:5      | Reached skill level 7 in Armour
  2910 | D:5      | Reached ** piety under Yredelemnul
  3052 | D:5      | Noticed Menkaure
  3441 | D:5      | Killed Menkaure
  3442 | D:5      | Reached skill level 8 in Armour
  3774 | D:6      | Found a runed translucent door.
  3775 | D:6      | Noticed Consumeair16's ghost (novice GnBe)
  3788 | D:6      | Slain by a sleepcap

Illustrated notes

Levels and vault maps discovered:
D:1:      nicolae_arrival_somewhat_less_tricky_arrival, layout_loops_ring,
          minmay_liquid_box
D:2:      layout_loops_ring
D:3:      layout_basic, grunt_temple_overflow_magic_moments, uniq_ijyb,
          uniq_sigmund, uniq_jessica
D:4:      layout_rooms, mainiacjoe_overflow_surrounded_room,
          minmay_temple_entry_gardened_gates, roderic_malta_cross
D:5:      layout_cave_pools, uniq_menkaure
D:6:      layout_basic, hellmonk_ghost_happy_afterlife
Temple:   nicolae_temple_superstar

Skill      XL: |  1  2  3  4  5  6  7 |
---------------+----------------------+-----
Shields        | 4 5 |  5.0
Dodging        | 1 2 4 5 6 |  6.4
Armour         | 4 5 6 8 |  8.1
Fighting       | |  3.6
Long Blades    | |  2.4

Action                     |  1- 3 |  4- 6 |  7- 9 || total
---------------------------+-------+-------+-------++-------
  Melee: Long sword        |    79 |    60 |    39 ||   178
         Headbutt          |    13 |     8 |     3 ||    24
 Invoke: Recall Undead Har |       |       |     1 ||     1
         Dark Bargain      |       |       |     1 ||     1
    Use: Scroll            |     3 |     1 |     1 ||     5
         Potion            |     2 |       |     2 ||     4
 Armour: Scale mail        |    68 |    50 |    48 ||   166
  Dodge: Dodged            |    39 |    43 |    37 ||   119
  Block: Buckler           |    17 |    18 |     8 ||    43
